 Dungeon Crawl Stone Soup version 0.30-a0-123-g91d0c66ccf (webtiles) character file.

Game seed: 6253918027667944753

11983 bande the Cleaver (level 11, -4/99 HPs)
             Began as a Hill Orc Fighter on Sept 17, 2022.
             Was a Priest of Beogh.
             Slain by a fire giant
             ... wielding a +0 great sword of flaming
              (31 damage)
             ... on level 11 of the Dungeon.
             The game lasted 00:19:12 (10399 turns).

bande the Cleaver (Hill Orc Fighter)               Turns: 10399, Time: 00:19:13

Health: -4/99      AC: 14    Str: 30    XL:     11   Next: 86%
Magic:  11/11      EV:  8    Int: 12    God:    Beogh [***...]
Gold:   1509       SH:  7    Dex: 18    Spells: 10/10 levels left

rFire   . . .      SeeInvis .    j - +4 war axe "Stringbean" {elec, *Noise Str+5 Int+5}
rCold   . . .      Faith    .    c - +1 buckler
rNeg    + . .      Spirit   .    F - +2 chain mail of the Valley of Death {Will+}
rPois   +          Reflect  .    w - +0 hat "Osupteol" {*Corrode Will+ Regen+}
rElec   +          Harm     .    D - +2 ratskin cloak {*Rats rPois rN+ Str-1 Int-1 Dex+1}
rCorr   +          Rampage  .    (no gloves)
Will    ++...                    s - +0 pair of boots of Ogrobus {Contam rElec Regen+ Dex+3}
Stlth   ..........               (no amulet)
HPRegen 1.86/turn                n - +6 ring of strength
MPRegen 0.12/turn                k - ring of resist corrosion

@: mighty, corroded
A: no striking features
a: Renounce Religion, Smiting


You were on level 11 of the Dungeon.
You worshipped Beogh.
Beogh was most pleased with you.
You visited 1 branch of the dungeon, and saw 11 of its levels.
You also visited: Ossuary.

You collected 1509 gold pieces.

Inventory:

Hand Weapons
 a - a +1 war axe of flaming
 j - the +4 war axe "Stringbean" (weapon) {elec, *Noise Str+5 Int+5}
   (You acquired it on level 4 of the Dungeon)

   It occasionally discharges a powerful burst of electricity upon striking a
   foe.
   Str:       It affects your strength (+5).
   Int:       It affects your intelligence (+5).
   *Noise:    It may make noises in combat.
Armour
 c - a +1 buckler (worn)
 s - the +0 pair of boots of Ogrobus (worn) {Contam rElec Regen+ Dex+3}
   (You acquired it on level 4 of the Dungeon)

   Dex:       It affects your dexterity (+3).
   rElec:     It insulates you from electricity.
   Contam:    It causes magical contamination when unequipped.
   Regen:     It increases your rate of health regeneration.
 w - the +0 hat "Osupteol" (worn) {*Corrode Will+ Regen+}
   (You acquired it on level 4 of the Dungeon)

   Regen:     It increases your rate of health regeneration.
   *Corrode:  It may corrode you when you take damage.
   Will:      It increases your willpower.
 C - a +0 cloak
 D - the +2 ratskin cloak (worn) {*Rats rPois rN+ Str-1 Int-1 Dex+1}
   (You found it on level 7 of the Dungeon)

   When the wearer is hurt, rats may emerge from it to assist them.
   Str:       It affects your strength (-1).
   Int:       It affects your intelligence (-1).
   Dex:       It affects your dexterity (+1).
   rPois:     It protects you from poison.
   rN:        It protects you from negative energy.
 F - the +2 chain mail of the Valley of Death (worn) {Will+}
   (You found it on level 10 of the Dungeon)

   Will:      It increases your willpower.
Jewellery
 k - a ring of resist corrosion (right hand)
 n - a +6 ring of strength (left hand)
 G - an amulet of reflection
 I - a +6 ring of intelligence
 K - a +4 ring of protection
Wands
 b - a wand of charming (14)
 p - a wand of roots (55)
 u - a wand of acid (10)
 y - a wand of polymorph (32)
 A - a wand of flame (30)
 J - a wand of mindburst (8)
Scrolls
 f - 6 scrolls of teleportation
 i - 2 scrolls of butterflies
 o - a scroll of noise {unknown}
 q - 5 scrolls of enchant weapon
 z - a scroll of amnesia
 B - 2 scrolls of magic mapping
 E - a scroll of identify
 H - a scroll of blinking
Potions
 d - 5 potions of might
 e - 4 potions of berserk rage
 g - a potion of heal wounds
 h - 7 potions of curing
 l - 2 potions of ambrosia
 m - 2 potions of flight
 r - 3 potions of mutation
 t - a potion of cancellation
 v - 2 potions of haste
 x - a potion of resistance


   Skills:
 + Level 9.6 Fighting
 + Level 14.7 Axes
 + Level 10.0 Armour
 - Level 0.1 Dodging
 + Level 6.3 Shields
 * Level 8.1 Evocations


You had 10 spell levels left.
You didn't know any spells.
Your spell library contained the following spells:

 Spells                   Type           Power      Damage    Failure   Level
 Apportation              Tloc           0%         N/A       86%         1
 Shock                    Conj/Air       0%         1d3       86%         1
 Blink                    Tloc           0%         N/A       94%         2
 Static Discharge         Conj/Air       0%         2-2/arc   94%         2
 Confusing Touch          Hex            0%         N/A       99%         3
 Lesser Beckoning         Tloc           0%         N/A       99%         3
 Ozocubu's Armour         Ice            0%         N/A       99%         3
 Swiftness                Air            0%         N/A       99%         3
 Airstrike                Air            0%         2d(0-16)  100%        4
 Dispel Undead            Necr           0%         3d6       100%        4
 Manifold Assault         Tloc           0%         N/A       100%        4
 Sticky Flame             Conj/Fire      0%         2d3       100%        4
 Alistair's Intoxication  Tmut/Pois      0%         N/A       100%        5
 Yara's Violent Unravell  Hex/Tmut       0%         3d3       100%        5
 Enfeeble                 Hex            0%         N/A       100%        7
 Malign Gateway           Summ/Tloc      0%         N/A       100%        7
 Ozocubu's Refrigeration  Ice            0%         4d7       100%        7
 Summon Horrible Things   Summ           0%         N/A       100%        8


Dungeon Overview and Level Annotations

Branches:
Dungeon (11/15)            Temple (0/1) D:4             Orc (0/2) D:9
Ossuary (visited)
   Lair: D:8-11

Altars:
Ashenzari
Cheibriados
Elyvilon
Fedhas
Gozag
Hepliaklqana
Nemelex Xobeh
Qazlal
Ru
Sif Muna
Trog
Uskayaw
Vehumet
Zin

Shops:
D:6 *


Message History

A river rat scurries out from under your cloak.
The fire giant burns you.
The fire giant attacks as you move away!
The fire giant hits you with a +0 great sword of flaming!
The fire giant burns you. The efreet completely misses you.
The shadow slips into darkness.
The shadow flickers and vanishes!
Deactivating autopickup; reactivate with Ctrl-A.
The gargoyle is engulfed in blazing flames.
The efreet hits you with a +3 scimitar of flaming.
The efreet burns you.
You feel much better.
The efreet hits you with a +3 scimitar of flaming!
A hell rat scurries out from under your cloak.
The efreet burns you.
The gargoyle is engulfed in blazing flames.
The gargoyle barely misses your river rat.
You block the fire giant's attack.
Your river rat bites the fire giant but does no damage.
You feel very mighty all of a sudden.
The efreet hits you with a +3 scimitar of flaming!
A hell rat scurries out from under your cloak.
The efreet burns you!
The gargoyle is engulfed in blazing flames.
The gargoyle completely misses your river rat.
The fire giant hits you with a +0 great sword of flaming!!
* * * LOW HITPOINT WARNING * * *
A river rat scurries out from under your cloak.
The fire giant burns you!
* * * LOW HITPOINT WARNING * * *
A hell rat scurries out from under your cloak.
The efreet hits you with a +3 scimitar of flaming.
* * * LOW HITPOINT WARNING * * *
The efreet burns you.
* * * LOW HITPOINT WARNING * * *
Your corrosive artefact corrodes you!
Your river rat bites the fire giant.
Unknown command.
You feel much better. The efreet barely misses you.
The fire giant hits you with a +0 great sword of flaming!!
You die...

(........# #...# #.........P..
.........# ##...#####.........P..
.........# #...........[÷÷.......
.........# #...~~~~~.).......?..†
........####..~~≈≈≈~....#########
..)...~†......~~≈≈≈~W####
........####..r~~r9~.# ........#
#....≈Rr..# ........# #..rr@C...#
........# #[#########
........####'#####....
#########.(...........
#.#).......... #.#...........
#.#......^.... #.###########.
###.†..#


You could see a fire giant (ally target), an efreet (fast), a wraith, a
gargoyle, 3 friendly hell rats and 2 friendly river rats.

Vanquished Creatures
  A centaur warrior (D:11)
  A boulder beetle (D:10)
  3 two-headed ogres (D:9)
  An ugly thing (D:11)
  A cyclops (D:11)
  Maurice (D:11)
  A gargoyle (D:10)
  A troll (D:11)
  Prince Ribbit (D:9)
  2 hornets
  11 yaks
  2 wraiths
  Eustachio (D:6)
  A vampire mosquito (D:10)
  A steam dragon (D:8)
  Grum (D:9)
  A water moccasin (D:6)
  An ice beast (D:6)
  3 orc warriors
  A black bear (D:6)
  A sky beast (D:7)
  The ghost of Newt the Trooper, an amateur DsGl (D:7)
  2 ogres
  3 centaurs
  3 wolves (D:9)
  2 phantoms
  2 kobold brigands (D:10)
  5 bullfrogs
  2 gnoll sergeants (D:7)
  4 scorpions
  5 wights (D:6)
  9 killer bees
  3 howler monkeys
  Crazy Yiuf (D:6)
  3 jellies
  A hound (D:7)
  A gnoll bouda (D:6)
  7 orc priests
  2 iguanas
  8 orc wizards
  13 mummies (Ossuary)
  12 gnolls
  3 adders
  A white imp (D:7)
  2 ufetubi
  3 worms
  2 dart slugs
  50 orcs
  3 bats
  4 endoplasms
  A giant cockroach (D:2)
  5 goblins
  8 hobgoblins
  A quokka (D:3)
  4 frilled lizards
  A gnoll skeleton (Ossuary)
  3 goblin skeletons (Ossuary)
  A goblin zombie (D:4)
  22 kobolds
  2 kobold skeletons (Ossuary)
  2 orc skeletons (Ossuary)
  4 rats
  11 rat skeletons (Ossuary)
  A rat zombie (D:4)
260 creatures vanquished.

Vanquished Creatures (collateral kills)
  A yak (D:9)
  An orc warrior (D:9)
  2 howler monkeys (D:9)
  3 orcs (D:9)
7 creatures vanquished.

Vanquished Creatures (others)
  An orc (D:8)
  10 fungi (D:11)
  10 plants (D:11)
  2 withered plants (D:7)
23 creatures vanquished.

Grand Total: 290 creatures vanquished

Notes
Turn   | Place    | Note
-------+----------+-------------------------------------------
     0 | D:1      | bande the Hill Orc Fighter began the quest for the Orb.
     0 | D:1      | Reached XP level 1. HP: 19/19 MP: 1/1
   250 | D:1      | Reached skill level 3 in Axes
   250 | D:1      | Reached XP level 2. HP: 27/27 MP: 2/2
   678 | D:2      | Reached XP level 3. HP: 29/33 MP: 3/3
  1161 | D:2      | Found a faded altar of an unknown god.
  1165 | D:2      | Reached skill level 4 in Axes
  1445 | D:3      | Reached XP level 4. HP: 30/40 MP: 4/4
  2081 | D:3      | Found a glowing silver altar of Zin.
  2085 | D:3      | Found a snail-covered altar of Cheibriados.
  2090 | D:3      | Found a radiant altar of Vehumet.
  2245 | D:4      | Noticed a phantom
  2257 | D:4      | Killed a phantom
  2258 | D:4      | Reached skill level 5 in Axes
  2258 | D:4      | Reached skill level 1 in Evocations
  2258 | D:4      | Reached XP level 5. HP: 41/47 MP: 5/5
  2270 | D:4      | Identified 2 scrolls of acquirement
  2270 | D:4      | Acquired 856 gold pieces
  2272 | D:4      | Acquired the +4 war axe "Stringbean" {elec, *Noise Str+5
                  | Int+5}
  2379 | D:4      | Found a staircase to the Ecumenical Temple.
  2416 | D:4      | Reached XP level 6. HP: 46/53 MP: 6/6
  2557 | D:4      | Found a sand-covered staircase.
  2565 | Ossuary  | Entered an ossuary
  2737 | Ossuary  | Reached skill level 6 in Axes
  3046 | D:4      | Acquired the +0 hat "Osupteol" {*Corrode Will+ Regen+}
  3055 | D:4      | Acquired the +0 pair of boots of Ogrobus {Contam rElec
                  | Regen+ Dex+3}
  3124 | D:4      | Reached XP level 7. HP: 57/60 MP: 7/7
  3157 | D:4      | Found a sparkling altar of Nemelex Xobeh.
  3165 | D:4      | Reached skill level 7 in Axes
  3174 | D:4      | Found a hazy altar of Hepliaklqana.
  3402 | D:5      | Entered Level 5 of the Dungeon
  3587 | D:5      | Found a white marble altar of Elyvilon.
  3796 | D:5      | Reached skill level 8 in Axes
  3796 | D:5      | Reached skill level 5 in Armour
  3958 | D:5      | Found an opulent altar of Gozag.
  4142 | D:6      | Reached skill level 5 in Fighting
  4142 | D:6      | Reached XP level 8. HP: 68/68 MP: 8/8
  4142 | D:6      | Noticed Eustachio
  4171 | D:6      | Found Jej Surei's Assorted Antiques.
  4176 | D:6      | Killed Eustachio
  4402 | D:6      | Reached skill level 9 in Axes
  5034 | D:6      | Found a bloodstained altar of Trog.
  5060 | D:6      | Reached XP level 9. HP: 75/75 MP: 9/9
  5116 | D:6      | Found a runed translucent door.
  5117 | D:6      | Noticed Crazy Yiuf
  5366 | D:6      | Reached skill level 10 in Axes
  5496 | D:6      | Killed Crazy Yiuf
  5677 | D:7      | Noticed a hornet
  5685 | D:7      | Paralysed by a hornet for 2 turns
  5687 | D:7      | Killed a hornet
  5954 | D:7      | Reached skill level 5 in Evocations
  6023 | D:7      | Found the +2 ratskin cloak {*Rats rPois rN+ Str-1 Int-1
                  | Dex+1}
  6028 | D:7      | Found a runed translucent door.
  6028 | D:7      | Noticed Newt's ghost (amateur DsGl)
  6829 | D:7      | Killed Newt's ghost
  6914 | D:7      | Reached skill level 11 in Axes
  7169 | D:8      | Became a worshipper of Beogh the Brigand
  7824 | D:9      | Noticed a hornet
  7830 | D:9      | Killed a hornet
  7831 | D:9      | Reached skill level 5 in Shields
  7831 | D:9      | Reached XP level 10. HP: 69/86 MP: 10/10
  7842 | D:9      | Noticed a two-headed ogre
  7849 | D:9      | Killed a two-headed ogre
  7973 | D:9      | Noticed Prince Ribbit
  7976 | D:9      | Killed Prince Ribbit
  7977 | D:9      | Reached skill level 12 in Axes
  8096 | D:9      | Noticed a two-headed ogre
  8106 | D:9      | Killed a two-headed ogre
  8116 | D:9      | Found a staircase to the Orcish Mines.
  8131 | D:9      | Reached * piety under Beogh
  8210 | D:9      | Noticed a two-headed ogre
  8219 | D:9      | Killed a two-headed ogre
  8632 | D:9      | Reached ** piety under Beogh
  8663 | D:9      | Reached skill level 13 in Axes
  8665 | D:9      | Reached XP level 11. HP: 94/95 MP: 11/11
  8684 | D:9      | Noticed Grum
  8703 | D:9      | Killed Grum
  8870 | D:9      | Found a blossoming altar of Fedhas.
  8870 | D:9      | Found a sacrificial altar of Ru.
  8871 | D:9      | Found a stormy altar of Qazlal.
  8888 | D:9      | Found a broken altar of Ashenzari.
  9044 | D:10     | Entered Level 10 of the Dungeon
  9133 | D:10     | Found a hide-covered altar of Uskayaw.
  9435 | D:10     | Identified the +2 chain mail of the Valley of Death {Will+}
  9544 | D:10     | Found a shimmering blue altar of Sif Muna.
  9815 | D:11     | Noticed Maurice
  9864 | D:11     | Killed Maurice
  9902 | D:11     | Reached *** piety under Beogh
  9987 | D:11     | Reached skill level 14 in Axes
 10008 | D:11     | Noticed a white ugly thing
 10020 | D:11     | Killed a white ugly thing
 10070 | D:11     | Noticed a boulder beetle
 10072 | D:11     | Noticed a cyclops
 10075 | D:11     | Noticed a manticore
 10095 | D:11     | Noticed a boulder beetle
 10124 | D:10     | Killed a boulder beetle
 10360 | D:11     | Noticed a centaur warrior
 10364 | D:11     | Killed a cyclops
 10369 | D:11     | Killed a centaur warrior
 10370 | D:11     | Reached skill level 10 in Armour
 10385 | D:11     | Noticed a fire giant
 10398 | D:11     | HP: 3/99 [fire giant/+0 great sword of flaming (9)]
 10398 | D:11     | HP: 1/99 [efreet/+3 scimitar of flaming (1)]
 10399 | D:11     | Slain by a fire giant

Illustrated notes

Levels and vault maps discovered:
D:1:      elethiomel_arrival_shortcut, layout_basic
D:2:      layout_basic, basic_ecumenical_altar
D:3:      layout_basic, grunt_temple_overflow_diamond
D:4:      nicolae_cairo_tiling_very_big, layout_basic,
          mainiacjoe_overflow_alcove_2, kennysheep_mini,
          minmay_temple_entry_stoned_glass, enter_ossuary_4
D:5:      layout_basic, grunt_gozag_breadcrumbs, elyvilon_altar_3
D:6:      layout_loops_ring, general_overflow_altar, serial_shops, shop,
          uniq_crazy_yiuf_cottage, uniq_eustachio
D:7:      layout_layer_cave, gammafunk_ghost_grave, supply_closet_lemuel
D:8:      layout_basic, palyth_stone_intersect, feat_on_display
D:9:      layout_long_grid, nicolae_overflow_quartered_altars,
          hiddenorc2_lemuel, minmay_fractal_squares_5, uniq_prince_ribbit1,
          uniq_grum
D:10:     layout_gridville, nicolae_uskayaw_murder_on_the_dancefloor,
          mainiacjoe_overflow_surrounded_room
D:11:     minmay_the_grid_square_5x5_4x4 [minmay_the_grid_square_5x5_minibox,
          minmay_the_grid_square_5x5_one_wall,
          minmay_the_grid_square_5x5_hourglass, minmay_the_grid_square_5x5_two,
          minmay_the_grid_square_5x5_almost_minimal,
          minmay_the_grid_square_5x5_prize_deathbox,
          minmay_the_grid_square_5x5_prize_waves,
          minmay_the_grid_square_5x5_three_small,
          minmay_the_grid_square_5x5_bracketed,
          minmay_the_grid_square_5x5_prize_junk,
          minmay_the_grid_square_5x5_prize_monsterx,
          minmay_the_grid_square_5x5_shrine2,
          minmay_the_grid_square_5x5_eight_small,
          minmay_the_grid_square_5x5_inner_z,
          minmay_the_grid_square_5x5_six_small,
          minmay_the_grid_square_5x5_inverted_slash], layout_basic,
          grunt_lair_entry_orc_guard_hut, uniq_maurice

Skill      XL: |  1  2  3  4  5  6  7  8  9 10 11 |
---------------+----------------------------------+-----
Axes           | 3 4 5 6 8 9 11 13 14 | 14.7
Fighting       | 4 5 7 8 9 |  9.6
Armour         | 4 5 6 7 9 10 | 10.0
Evocations     | 1 2 3 4 5 7 8 |  8.1
Shields        | 4 5 6 |  6.3
Dodging        | |  0.1

Action                   |  1- 3 |  4- 6 |  7- 9 | 10-12 || total
-------------------------+-------+-------+-------+-------++-------
Melee: War axe           |    81 |   125 |   235 |   231 ||   672
Invok: Convert to Beogh  |       |       |     1 |       ||     1
  Use: Scroll            |       |    12 |    11 |     6 ||    29
       Potion            |       |       |       |     3 ||     3
 Stab: Distracted        |       |       |       |     1 ||     1
Armor: Scale mail        |    44 |    47 |    92 |       ||   183
       Chain mail        |       |       |     4 |   113 ||   117
       Plate armour      |       |       |       |    19 ||    19
Dodge: Dodged            |    44 |    34 |   116 |    92 ||   286
Block: Buckler           |     8 |    18 |    55 |    77 ||   158

Table legend: (Time is in decaauts)
 A = Elapsed time spent in this place.
 B = Non-inter-level travel time spent in this place.
 C = Inter-level travel time spent in this place.
 D = Time resting spent in this place.
 E = Time spent auto-exploring this place.
 F = Levels seen in this place.
 G = Mean time per level.
                   A        B        C        D        E       F      G
               +--------+--------+--------+--------+--------+-----+--------+
         Total |  10471 |  10306 |    165 |   1351 |   7021 |  12 |  872.6 |
       Dungeon |   9977 |   9812 |    165 |   1351 |   6704 |  11 |  907.0 |
       Ossuary |    493 |    493 |      0 |      0 |    317 |   1 |  493.0 |
               +--------+--------+--------+--------+--------+-----+--------+

Top non-repeatable levels by time:
     D:7: 1574 daAuts
     D:6: 1449 daAuts
     D:9: 1112 daAuts
    D:10: 972 daAuts
     D:3: 888 daAuts
     D:8: 802 daAuts
     D:2: 786 daAuts
     D:5: 727 daAuts
     D:4: 685 daAuts
     D:1: 611 daAuts
 Ossuary: 493 daAuts
    D:11: 367 daAuts
